 Dungeon Crawl Stone Soup version 0.26.0-18-gc5c842f807 (webtiles) character file.

Game seed: 12235221096068687629

174 Marvel the Gusty (level 5, -3/28 HPs)
             Began as a Tengu Air Elementalist on Jan 22, 2021.
             Killed from afar by an orc wizard (10 damage)
             ... with a magic dart
             ... on level 4 of the Dungeon.
             The game lasted 00:09:55 (3564 turns).

Marvel the Gusty (Tengu Air Elementalist)           Turns: 3564, Time: 00:09:55

Health: -3/28      AC:  3    Str:  9    XL:     5   Next: 54%
Magic:  5/11       EV: 15    Int: 16    God:
Gold:   110        SH:  0    Dex: 14    Spells: 7/10 levels left

rFire    . . .     SeeInvis .   r - +0 war axe (freeze)
rCold    . . .     Faith    +   (no shield)
rNeg     . . .     Spirit   .   a - +0 robe
rPois    .         Reflect  .   (helmet restricted)
rElec    .         Harm     .   (no cloak)
rCorr    .         Rampage  .   j - +0 pair of gloves
Will     .....                  (boots unavailable)
Stlth    ++........             b - amulet of faith
HPRegen  0.09/turn              (no ring)
MPRegen  0.12/turn              (no ring)

@: flying quickly and evasively, quick
A: beak, talons 3, able to fly
a: Stop Flying


You were on level 4 of the Dungeon.
You visited 1 branch of the dungeon, and saw 4 of its levels.

You collected 110 gold pieces.

Inventory:

Hand Weapons
 n - a +0 dagger
 r - a +0 war axe of freezing (weapon)
Missiles
 k - 9 poisoned darts
Armour
 a - a +0 robe (worn)
 j - a +0 pair of gloves (worn)
Jewellery
 b - an amulet of faith (around neck)
Scrolls
 c - a scroll of remove curse {unknown}
 g - a scroll of fog {unknown}
 h - 5 scrolls of identify {unknown}
 l - a scroll of noise {unknown}
 m - a scroll of enchant armour {unknown}
 o - a scroll of enchant weapon {unknown}
 q - 2 scrolls of teleportation {unknown}
Potions
 d - 2 potions of magic {unknown}
 e - 2 potions of cancellation {unknown}
 f - a potion of degeneration {unknown}
 i - 2 potions of curing
 p - a potion of flight


   Skills:
 + Level 0.3 Axes
 + Level 2.6 Dodging
 - Level 2.0 Stealth
 + Level 3.3 Spellcasting
 + Level 3.5 Conjurations
 + Level 5.6 Air Magic


You had 7 spell levels left.
You knew the following spells:

 Your Spells              Type           Power        Failure   Level
a - Shock                 Conj/Air       68%          2%          1
b - Swiftness             Air            20%          2%          2

Your spell library contained the following spells:

 Spells                   Type           Power        Failure   Level
 Static Discharge         Conj/Air       17%          9%          3
 Airstrike                Air            10%          19%         4
 Lightning Bolt           Conj/Air       8%           61%         5


Dungeon Overview and Level Annotations

Branches:
Dungeon (4/15)
 Temple: D:4-7

Altars:
Xom


Innate Abilities, Weirdness & Mutations

You have a beak for a mouth.
You have claws for feet.
You can fly continuously.


Message History

The zap misses the orc wizard.
The zap hits the orc.
The orc is almost dead.
The orc wizard casts a spell at you. The magic dart hits you.
An orc comes into view.
Aiming: Shock (safe; 2% risk of failure)
Press: ? - help, Q - select action, (/) - cycle Shift-Dir - straight line, f/p - orc wizard
Aim: an orc wizard, wielding a +0 dagger and wearing a +0 robe (heavily wounded, 36% to evade)
The zap hits the orc wizard.
The orc wizard is severely wounded.
The zap hits the orc.
You kill the orc!
The zap hits the orc.
The orc is severely wounded.
The orc wizard casts a spell at you. The magic dart hits you.
* * * LOW HITPOINT WARNING * * *
The orc wizard casts a spell at you. The magic dart hits you!
You die...

....### .##### ..o.. .....
####.(.#####...# ... .......
...........#...#....##..#...
.......o...#...#........+...
......#....#...##.......#...
...........#...# #..........
...........#...###..........
...........@..........#.....
......#######..............(
...### #....'..............#
.. #...##..........#..(.
#...#####....####..>.
#...........## #.#..
#...........#####.#..
#...........'.(...# .
...........##....# .


You could see an orc wizard and an orc.

Vanquished Creatures
  A centaur skeleton (D:4)
  An orc wizard (D:4)
  5 adders
  2 oozes
  A worm (D:2)
  A dart slug (D:1)
  2 leopard geckos (D:2)
  6 orcs
  2 giant cockroaches
  7 goblins
  9 hobgoblins
  4 kobolds
  A ball python (D:1)
  4 bats
  4 frilled lizards
  4 rats
54 creatures vanquished.

Vanquished Creatures (others)
  5 plants (D:2)
5 creatures vanquished.

Grand Total: 59 creatures vanquished

Notes
Turn   | Place    | Note
-------+----------+-------------------------------------------
     0 | D:1      | Marvel the Tengu Air Elementalist began the quest for the
                  | Orb.
     0 | D:1      | Reached XP level 1. HP: 10/10 MP: 4/4
   420 | D:1      | Reached XP level 2. HP: 15/15 MP: 4/6
   423 | D:1      | Learned a level 2 spell: Swiftness
  1124 | D:2      | Reached XP level 3. HP: 19/19 MP: 5/7
  1231 | D:2      | Reached skill level 5 in Air Magic
  1688 | D:2      | Reached XP level 4. HP: 24/24 MP: 4/8
  2450 | D:3      | Found a shimmering altar of Xom.
  3342 | D:4      | Gained mutation: You can fly continuously. [Tengu growth]
  3342 | D:4      | Reached XP level 5. HP: 28/28 MP: 3/10
  3564 | D:4      | Killed from afar by an orc wizard

Illustrated notes

Levels and vault maps discovered:
D:1:      wander_arrival_lonely_grave, layout_loops_ring
D:2:      layout_basic, serial_bayou_lagoon_a
D:3:      layout_basic, xom_teletrap_fun
D:4:      layout_basic, uniq_ijyb, uniq_sigmund

Skill      XL: |  1  2  3  4 |
---------------+-------------+-----
Conjurations   | 2 3 |  3.5
Air Magic      | 5 |  5.6
Spellcasting   | 3 |  3.3
Axes           | |  0.3
Dodging        | |  2.6
Stealth        | |  2.0

Action                   |  1- 3 |  4- 6 || total
-------------------------+-------+-------++-------
Melee: Unarmed           |     3 |       ||     3
       Kick              |     1 |     1 ||     2
       Peck              |     1 |     1 ||     2
       War axe           |       |     6 ||     6
 Cast: Shock             |    70 |    74 ||   144
       Swiftness         |     1 |     1 ||     2
 Abil: Fly               |       |     1 ||     1
  Use: Potion            |     3 |       ||     3
Armor: Robe              |     1 |     7 ||     8
Dodge: Dodged            |     5 |    27 ||    32
